| TOP OF THE 1ST |
|
Roswell Invaders batting - Pitching for Palm Beach Nationals : LHP Manny Ruiz
|
|
Pitching: LHP Manny Ruiz
|
|
|
Batting: RHB Orlando Florez
|
0-0: Swinging Strike 0-1: Ball 1-1: Foul Ball, location: 2F 1-2: Ball 2-2: Strikes out swinging
|
|
Batting: SHB Ethan Newby
|
0-0: Ground out 4-3 (Groundball, 4, EV 100.6 MPH)
|
|
Batting: LHB Dallas Kelly
|
0-0: Called Strike 0-1: Called Strike 0-2: Strikes out swinging
|
| Top of the 1st over - 0 runs, 0 hits, 0 errors, 0 left on base; Roswell 0 - Palm Beach 0 |
| BOTTOM OF THE 1ST |
|
Palm Beach Nationals batting - Pitching for Roswell Invaders : RHP John Palumbo
|
|
Pitching: RHP John Palumbo
|
|
|
Batting: RHB Bobby Bricker
|
0-0: Ball 1-0: Swinging Strike 1-1: Ball 2-1: Ball 3-1: Base on Balls
|
|
Batting: RHB Antonio Vallez
|
0-0: Ball 1-0: Foul Ball, location: 2F 1-1: Ball 2-1: Ball 3-1: 2-RUN HOME RUN (Flyball, 7D, EV 113.8 MPH), Distance : 412 ft
|
|
Batting: LHB Chance McWilliams
|
0-0: Ball 1-0: Ball 2-0: Ball 3-0: Called Strike 3-1: Base on Balls
|
|
Batting: RHB Lamar Thornton
|
0-0: Ball 1-0: Ball 2-0: Ball 3-0: Called Strike 3-1: Base on Balls Chance McWilliams to second
|
|
Batting: RHB Chad Madsen
|
0-0: Ball 1-0: Called Strike 1-1: Ball 2-1: Fielders Choice at 2nd, 6-4 (Groundball, 6S, EV 88.1 MPH) Chance McWilliams to third
|
|
Batting: RHB Scott Merritt
|
0-0: Ball 1-0: Called Strike 1-1: Ball 2-1: Foul Ball, location: 2F 2-2: Foul Ball, location: 2F 2-2: Ball 3-2: Foul Ball, location: 2F 3-2: Base on Balls Chad Madsen to second
|
|
Pitching: RHP Jake Priest
|
|
|
Batting: RHB Jelexiz Cuenca
|
0-0: Ball 1-0: Ball 2-0: Called Strike 2-1: Ground out 4-3 (Groundball, 4S, EV 64.4 MPH) Chance McWilliams scores Chad Madsen to third Scott Merritt to second
|
|
Batting: RHB Jason Ewert
|
0-0: Foul Ball, location: 2F 0-1: Foul Ball, location: 2F 0-2: Ball 1-2: Foul Ball, location: 2F 1-2: Strikes out swinging
|
| Bottom of the 1st over - 3 runs, 1 hit, 0 errors, 2 left on base; Roswell 0 - Palm Beach 3 |
| TOP OF THE 2ND |
|
Roswell Invaders batting - Pitching for Palm Beach Nationals : LHP Manny Ruiz
|
|
Batting: RHB Mike Swift
|
0-0: Called Strike 0-1: Ball 1-1: Swinging Strike 1-2: Ball 2-2: Ball 3-2: Base on Balls
|
|
Batting: RHB Josh Burrows
|
0-0: Called Strike 0-1: Ball 1-1: Foul Ball, location: 2F 1-2: Strikes out swinging
|
|
Batting: LHB Josh Thomas
|
0-0: Called Strike 0-1: Foul Ball, location: 2F 0-2: Ball 1-2: Strikes out swinging
|
|
Batting: RHB Cody Savastand
|
0-0: Ground out 5-3 (Groundball, 56S, EV 64.4 MPH)
|
| Top of the 2nd over - 0 runs, 0 hits, 0 errors, 1 left on base; Roswell 0 - Palm Beach 3 |
| BOTTOM OF THE 2ND |
|
Palm Beach Nationals batting - Pitching for Roswell Invaders : RHP Jake Priest
|
|
Batting: RHB Steve Kunselman
|
0-0: Ball 1-0: Ball 2-0: Called Strike 2-1: Ball 3-1: Base on Balls
|
|
Batting: RHB Bobby Bricker
|
0-0: Called Strike 0-1: Swinging Strike 0-2: Ball 1-2: Strikes out swinging
|
|
Pitching: RHP Vinny Segura
|
|
|
Batting: RHB Antonio Vallez
|
0-0: Called Strike 0-1: Swinging Strike 0-2: Ball 1-2: Strikes out looking
|
|
Batting: LHB Chance McWilliams
|
0-0: Ball 1-0: Ball 2-0: Called Strike 2-1: SINGLE (Groundball, 4MD, EV 111.9 MPH) Steve Kunselman to second Throwing error, E8 Steve Kunselman scores Chance McWilliams to second
|
|
Batting: RHB Lamar Thornton
|
0-0: Ball 1-0: SINGLE (Line Drive, 9S, EV 107.5 MPH) Chance McWilliams to third
|
|
Batting: RHB Chad Madsen
|
0-0: Ball 1-0: SINGLE (Line Drive, 7LS, EV 96.9 MPH) Chance McWilliams scores Lamar Thornton to second
|
|
Batting: RHB Scott Merritt
|
0-0: Ball 1-0: Ball 2-0: Called Strike 2-1: Ball 3-1: Base on Balls Lamar Thornton to third Chad Madsen to second
|
|
Batting: RHB Jelexiz Cuenca
|
0-0: Fly out, F8 (Flyball, 8RXD, EV 94.4 MPH)
|
| Bottom of the 2nd over - 2 runs, 3 hits, 1 error, 3 left on base; Roswell 0 - Palm Beach 5 |
| TOP OF THE 3RD |
|
Roswell Invaders batting - Pitching for Palm Beach Nationals : LHP Manny Ruiz
|
|
Batting: LHB Afanasy Apatenko
|
0-0: Swinging Strike 0-1: Swinging Strike 0-2: Ball 1-2: Foul Ball, location: 2F 1-2: Foul Ball, location: 2F 1-2: Strikes out swinging
|
|
Batting: LHB Falco van Koeveringe
|
0-0: Foul Ball, location: 2F 0-1: Ball 1-1: Swinging Strike 1-2: Fly out, F7 (Line Drive, 7D, EV 90.0 MPH)
|
|
Batting: RHB Orlando Florez
|
0-0: Ball 1-0: Swinging Strike 1-1: Foul Ball, location: 2F 1-2: Ball 2-2: Ball 3-2: SINGLE (Groundball, 3D, EV 98.1 MPH)
|
|
Batting: SHB Ethan Newby
|
0-0: Ball 1-0: Called Strike 1-1: Ball 2-1: Called Strike 2-2: Ball 3-2: Fly out, F9 (Flyball, 9D, EV 102.5 MPH)
|
| Top of the 3rd over - 0 runs, 1 hit, 0 errors, 1 left on base; Roswell 0 - Palm Beach 5 |
| BOTTOM OF THE 3RD |
|
Palm Beach Nationals batting - Pitching for Roswell Invaders : RHP Vinny Segura
|
|
Pitching: RHP Jeff Whaley
|
|
|
Batting: RHB Jason Ewert
|
0-0: Ball 1-0: Called Strike 1-1: Swinging Strike 1-2: Strikes out swinging
|
|
Batting: RHB Steve Kunselman
|
0-0: Reached on error, E4 (Flyball, 34D, EV 86.3 MPH)
|
|
Batting: RHB Bobby Bricker
|
0-0: Ball 1-0: Called Strike 1-1: Ball 2-1: Foul Ball, location: 2F 2-2: Ball 3-2: Fly out, F7 (Flyball, 7S, EV 88.1 MPH)
|
|
Batting: RHB Antonio Vallez
|
0-0: Swinging Strike 0-1: SINGLE (Groundball, 4MD, EV 102.5 MPH) Steve Kunselman to second
|
|
Batting: LHB Chance McWilliams
|
0-0: Ball 1-0: Foul Ball, location: 2F 1-1: Swinging Strike 1-2: Ball 2-2: Foul Ball, location: 2F 2-2: Ball 3-2: SINGLE (Groundball, 6M, EV 96.9 MPH) Steve Kunselman to third Antonio Vallez to second Steve Kunselman scores Antonio Vallez to third
|
|
Pitching: RHP Jaylen Hatten
|
|
|
Batting: RHB Lamar Thornton
|
0-0: Called Strike 0-1: SINGLE (Groundball, 56, EV 104.4 MPH) (infield hit) Antonio Vallez scores Chance McWilliams to second
|
|
Batting: RHB Chad Madsen
|
0-0: Ball 1-0: Called Strike 1-1: SINGLE (Groundball, 6MD, EV 96.3 MPH) Chance McWilliams to third Lamar Thornton to second Runner from 3rd tries for Home, SAFE, throw by CF to home
|
|
Batting: RHB Scott Merritt
|
0-0: Ball 1-0: Ball 2-0: Called Strike 2-1: Ball 3-1: Base on Balls Lamar Thornton to third Chad Madsen to second
|
|
Batting: RHB Jelexiz Cuenca
|
0-0: Fly out, F3 (Line Drive, 3, EV 68.8 MPH)
|
| Bottom of the 3rd over - 3 runs, 4 hits, 1 error, 3 left on base; Roswell 0 - Palm Beach 8 |
| TOP OF THE 4TH |
|
Roswell Invaders batting - Pitching for Palm Beach Nationals : LHP Manny Ruiz
|
|
Batting: LHB Dallas Kelly
|
0-0: Foul Ball, location: 2F 0-1: Ball 1-1: Called Strike 1-2: Strikes out swinging
|
|
Batting: RHB Mike Swift
|
0-0: Foul Ball, location: 2F 0-1: Swinging Strike 0-2: Strikes out swinging
|
|
Batting: RHB Josh Burrows
|
0-0: Ball 1-0: Called Strike 1-1: Ground out 6-3 (Groundball, 6M, EV 103.1 MPH)
|
| Top of the 4th over - 0 runs, 0 hits, 0 errors, 0 left on base; Roswell 0 - Palm Beach 8 |
| BOTTOM OF THE 4TH |
|
Palm Beach Nationals batting - Pitching for Roswell Invaders : RHP Jaylen Hatten
|
|
Batting: RHB Jason Ewert
|
0-0: Ball 1-0: Ball 2-0: Foul Ball, location: 2F 2-1: Fly out, F8 (Flyball, 8RM, EV 85.0 MPH)
|
|
Batting: RHB Steve Kunselman
|
0-0: Ball 1-0: Ball 2-0: Foul Ball, location: 2F 2-1: Ball 3-1: Base on Balls
|
|
Batting: RHB Bobby Bricker
|
0-0: Swinging Strike 0-1: Foul Ball, location: 2F 0-2: Foul Ball, location: 2F 0-2: Strikes out swinging
|
|
Batting: RHB Antonio Vallez
|
0-0: Ball 1-0: Ball 2-0: Ball 3-0: Base on Balls Steve Kunselman to second
|
|
Batting: LHB Chance McWilliams
|
0-0: Ball 1-0: Ball 2-0: Foul Ball, location: 2F 2-1: Ball 3-1: Base on Balls Steve Kunselman to third Antonio Vallez to second
|
|
Batting: RHB Lamar Thornton
|
0-0: Ball 1-0: Ball 2-0: Ball 3-0: Base on Balls Steve Kunselman scores Antonio Vallez to third Chance McWilliams to second
|
|
Batting: RHB Chad Madsen
|
0-0: Ball 1-0: Ball 2-0: Called Strike 2-1: Foul Ball, location: 2F 2-2: Foul Ball, location: 2F 2-2: Ball 3-2: Foul Ball, location: 2F 3-2: Fly out, F9 (Line Drive, 9, EV 91.9 MPH)
|
| Bottom of the 4th over - 1 run, 0 hits, 0 errors, 3 left on base; Roswell 0 - Palm Beach 9 |
| TOP OF THE 5TH |
|
Roswell Invaders batting - Pitching for Palm Beach Nationals : LHP Manny Ruiz
|
|
Batting: LHB Josh Thomas
|
0-0: Called Strike 0-1: Swinging Strike 0-2: Fly out, F7 (Line Drive, 7, EV 96.3 MPH)
|
|
Batting: RHB Cody Savastand
|
0-0: Ground out 6-3 (Groundball, 56, EV 88.8 MPH)
|
|
Batting: LHB Afanasy Apatenko
|
0-0: Foul Ball, location: 2F 0-1: Ball 1-1: Ball 2-1: Foul Ball, location: 2F 2-2: Strikes out swinging
|
| Top of the 5th over - 0 runs, 0 hits, 0 errors, 0 left on base; Roswell 0 - Palm Beach 9 |
| BOTTOM OF THE 5TH |
|
Palm Beach Nationals batting - Pitching for Roswell Invaders : RHP Jaylen Hatten
|
|
Batting: RHB Scott Merritt
|
0-0: SINGLE (Flyball, 34D, EV 84.4 MPH)
|
|
Batting: RHB Jelexiz Cuenca
|
0-0: Called Strike 0-1: Ball 1-1: Ball 2-1: Foul Ball, location: 2F 2-2: Ball 3-2: Foul Ball, location: 2F 3-2: Base on Balls Scott Merritt to second
|
|
Batting: RHB Jason Ewert
|
0-0: Fielders Choice at 2nd, 3-6 (Groundball, 34, EV 90.6 MPH) Scott Merritt to third
|
|
Batting: RHB Steve Kunselman
|
0-0: Ball 1-0: Ball 2-0: Called Strike 2-1: Swinging Strike 2-2: Ball 3-2: SINGLE (Flyball, 6D, EV 86.9 MPH) Scott Merritt scores Jason Ewert to second
|
|
Pitching: LHP Henry Torres
|
|
|
Batting: RHB Bobby Bricker
|
0-0: Ball 1-0: Ball 2-0: Ball 3-0: Called Strike 3-1: Reached on error, E9 (Flyball, 9LS, EV 91.3 MPH) Jason Ewert to third Steve Kunselman to second
|
|
Batting: RHB Antonio Vallez
|
0-0: Fielders Choice at 2nd, 4-6 (Groundball, 34, EV 84.4 MPH) Jason Ewert scores Steve Kunselman to third
|
|
Batting: LHB Chance McWilliams
|
0-0: Ball 1-0: Called Strike 1-1: Ground out 4-3 (Groundball, 4, EV 91.3 MPH)
|
| Bottom of the 5th over - 2 runs, 2 hits, 1 error, 2 left on base; Roswell 0 - Palm Beach 11 |
| TOP OF THE 6TH |
|
Roswell Invaders batting - Pitching for Palm Beach Nationals : LHP Manny Ruiz
|
|
Batting: LHB Falco van Koeveringe
|
0-0: Ball 1-0: Ball 2-0: Ball 3-0: Called Strike 3-1: SINGLE (Groundball, 4MD, EV 99.4 MPH)
|
|
Batting: RHB Orlando Florez
|
0-0: Called Strike 0-1: Foul Ball, location: 2F 0-2: Ball 1-2: Strikes out swinging
|
|
Batting: SHB Ethan Newby
|
0-0: Foul Ball, location: 2F 0-1: Ball 1-1: Swinging Strike 1-2: Ball 2-2: Strikes out looking
|
|
Batting: LHB Dallas Kelly
|
0-0: Ball 1-0: Foul Ball, location: 2F 1-1: Ball 2-1: Ball 3-1: Swinging Strike 3-2: Base on Balls Falco van Koeveringe to second
|
|
Pitching: RHP John Kovach
|
|
|
Batting: RHB Mike Swift
|
0-0: Called Strike 0-1: Ball 1-1: Ball 2-1: Ball 3-1: Fly out, F7 (Line Drive, 7, EV 90.0 MPH)
|
| Top of the 6th over - 0 runs, 1 hit, 0 errors, 2 left on base; Roswell 0 - Palm Beach 11 |
| BOTTOM OF THE 6TH |
|
Palm Beach Nationals batting - Pitching for Roswell Invaders : LHP Henry Torres
|
|
Batting: RHB Lamar Thornton
|
0-0: Ball 1-0: SINGLE (Flyball, 34D, EV 93.1 MPH)
|
|
Batting: RHB Chad Madsen
|
0-0: SINGLE (Line Drive, 78M, EV 97.5 MPH) Lamar Thornton to second
|
|
Batting: RHB Scott Merritt
|
0-0: Called Strike 0-1: Ball 1-1: Ball 2-1: Foul Ball, location: 2F 2-2: Ball 3-2: Strikes out swinging
|
|
Batting: RHB Jelexiz Cuenca
|
0-0: Foul Ball, location: 2F 0-1: Ball 1-1: Ball 2-1: Ball 3-1: Called Strike 3-2: Base on Balls Lamar Thornton to third Chad Madsen to second
|
|
Batting: RHB Jason Ewert
|
0-0: Ball 1-0: Ball 2-0: Called Strike 2-1: Ball 3-1: Base on Balls Lamar Thornton scores Chad Madsen to third Jelexiz Cuenca to second
|
|
Batting: RHB Steve Kunselman
|
0-0: Fly out, F7 (Line Drive, 7, EV 85.6 MPH) Runner from 3rd tags up, SCORES, throw by LF
|
|
Batting: RHB Bobby Bricker
|
0-0: Swinging Strike 0-1: Ball 1-1: Single, Error in OF, E8, batter to second base (Line Drive, 4MD, EV 103.1 MPH) Jelexiz Cuenca scores Jason Ewert to third
|
|
Batting: RHB Antonio Vallez
|
0-0: Ball 1-0: Ball 2-0: Called Strike 2-1: Ball 3-1: Called Strike 3-2: Foul Ball, location: 2F 3-2: Base on Balls
|
|
Batting: LHB Chance McWilliams
|
0-0: Ball 1-0: Ball 2-0: Called Strike 2-1: SINGLE (Line Drive, 89S, EV 98.1 MPH) Jason Ewert scores Bobby Bricker to third Antonio Vallez to second Runner from 3rd tries for Home, SAFE, throw by RF to home
|
|
Batting: RHB Lamar Thornton
|
0-0: Ball 1-0: Fly out, F7 (Flyball, 7LM, EV 77.5 MPH)
|
| Bottom of the 6th over - 5 runs, 4 hits, 1 error, 2 left on base; Roswell 0 - Palm Beach 16 |
| TOP OF THE 7TH |
|
Roswell Invaders batting - Pitching for Palm Beach Nationals : RHP John Kovach
|
|
Batting: RHB Josh Burrows
|
0-0: Ball 1-0: Fly out, F8 (Flyball, 8LM, EV 91.3 MPH)
|
|
Batting: LHB Josh Thomas
|
0-0: Called Strike 0-1: Ball 1-1: Swinging Strike 1-2: Ball 2-2: Foul Ball, location: 2F 2-2: Strikes out swinging
|
|
Batting: RHB Cody Savastand
|
0-0: Ball 1-0: Called Strike 1-1: Swinging Strike 1-2: Ball 2-2: Foul Ball, location: 2F 2-2: Ball 3-2: Strikes out swinging
|
| Top of the 7th over - 0 runs, 0 hits, 0 errors, 0 left on base; Roswell 0 - Palm Beach 16 |
| BOTTOM OF THE 7TH |
|
Palm Beach Nationals batting - Pitching for Roswell Invaders : LHP Henry Torres
|
|
Batting: RHB Chad Madsen
|
0-0: SOLO HOME RUN (Flyball, 78XD, EV 114.4 MPH), Distance : 458 ft
|
|
Batting: RHB Scott Merritt
|
0-0: Ball 1-0: Ground out 3-1 (Groundball, 34, EV 106.3 MPH)
|
|
Batting: RHB Jelexiz Cuenca
|
0-0: Foul Ball, location: 2F 0-1: Called Strike 0-2: Strikes out swinging
|
|
Batting: RHB Jason Ewert
|
0-0: SINGLE (Groundball, 56S, EV 74.4 MPH) (infield hit)
|
|
Batting: RHB Steve Kunselman
|
Pickoff Throw to First - Error! E1 Jason Ewert to second 0-0: Ground out 6-3 (Groundball, 6, EV 88.8 MPH)
|
| Bottom of the 7th over - 1 run, 2 hits, 1 error, 1 left on base; Roswell 0 - Palm Beach 17 |
| TOP OF THE 8TH |
|
Roswell Invaders batting - Pitching for Palm Beach Nationals : RHP John Kovach
|
|
Batting: LHB Afanasy Apatenko
|
0-0: Foul Ball, location: 2F 0-1: Ball 1-1: Swinging Strike 1-2: Strikes out swinging
|
|
Batting: LHB Falco van Koeveringe
|
0-0: Ball 1-0: Ball 2-0: Called Strike 2-1: Swinging Strike 2-2: Strikes out swinging
|
|
Batting: RHB Orlando Florez
|
0-0: Called Strike 0-1: Ball 1-1: Swinging Strike 1-2: Strikes out swinging
|
| Top of the 8th over - 0 runs, 0 hits, 0 errors, 0 left on base; Roswell 0 - Palm Beach 17 |
| BOTTOM OF THE 8TH |
|
Palm Beach Nationals batting - Pitching for Roswell Invaders : LHP Henry Torres
|
|
Batting: RHB Bobby Bricker
|
0-0: SINGLE (Groundball, 6MS, EV 85.6 MPH) (infield hit)
|
|
Batting: RHB Antonio Vallez
|
0-0: Ball 1-0: Swinging Strike 1-1: Ball 2-1: Ball 3-1: Base on Balls Bobby Bricker to second
|
|
Batting: LHB Chance McWilliams
|
0-0: Called Strike 0-1: Foul Ball, location: 2F 0-2: SINGLE (Groundball, 4D, EV 101.3 MPH) Bobby Bricker to third Antonio Vallez to second Runner from 3rd tries for Home, SAFE, throw by CF to home
|
|
Batting: RHB Lamar Thornton
|
0-0: Ball 1-0: SINGLE (Groundball, 6MD, EV 99.4 MPH) Antonio Vallez to third Chance McWilliams to second Runner from 3rd tries for Home, SAFE, throw by CF to home
|
|
Batting: RHB Chad Madsen
|
0-0: SINGLE (Groundball, 5S, EV 72.5 MPH) (infield hit) Chance McWilliams to third Lamar Thornton to second
|
|
Batting: RHB Scott Merritt
|
0-0: Ball 1-0: Foul Ball, location: 2F 1-1: Ball Wild Pitch! Chance McWilliams scores Lamar Thornton to third Chad Madsen to second 2-1: Foul Ball, location: 2F 2-2: Fly out, F8 (Flyball, 89M, EV 95.6 MPH) Runner from 3rd tags up, SCORES, throw by CF
|
|
Batting: RHB Jelexiz Cuenca
|
0-0: SINGLE (Groundball, 4S, EV 70.0 MPH) (infield hit) Chad Madsen to third
|
|
Batting: RHB Jason Ewert
|
0-0: Reached on error, E4 (Groundball, 4, EV 83.8 MPH) Chad Madsen scores Jelexiz Cuenca to second
|
|
Batting: RHB Steve Kunselman
|
0-0: DOUBLE (Groundball, 5L, EV 106.3 MPH) Jelexiz Cuenca scores Jason Ewert to third Runner from 3rd tries for Home, SAFE, throw by LF to home
|
|
Batting: RHB Bobby Bricker
|
0-0: Fly out, F7 (Flyball, 78D, EV 104.4 MPH)
|
|
Batting: RHB Antonio Vallez
|
0-0: Foul Ball, location: 2F 0-1: Fly out, F8 (Line Drive, 8LD, EV 89.4 MPH)
|
| Bottom of the 8th over - 7 runs, 6 hits, 1 error, 1 left on base; Roswell 0 - Palm Beach 24 |
| TOP OF THE 9TH |
|
Roswell Invaders batting - Pitching for Palm Beach Nationals : RHP John Kovach
|
|
Batting: SHB Ethan Newby
|
0-0: Ball 1-0: Foul Ball, location: 2F 1-1: Swinging Strike 1-2: Strikes out looking
|
|
Batting: LHB Dallas Kelly
|
0-0: Called Strike 0-1: Ground out 4-3 (Groundball, 34D, EV 103.1 MPH)
|
|
Batting: RHB Mike Swift
|
0-0: Foul Ball, location: 2F 0-1: Ball 1-1: Called Strike 1-2: Foul Ball, location: 2F 1-2: Foul Ball, location: 2F 1-2: Ball 2-2: Foul Ball, location: 2F 2-2: Ball 3-2: Fly out, F9 (Flyball, 9S, EV 90.0 MPH)
|
| Top of the 9th over - 0 runs, 0 hits, 0 errors, 0 left on base; Roswell 0 - Palm Beach 24 |
|